Map: Hard Lead LE

Players

SubN - Winner!

  • Race: Zerg Zerg
  • League: Diamond
  • Spawn Location: 5:00

Zalathor

  • Race: Zerg Zerg
  • League: Diamond
  • Spawn Location: 11:00

VOD

Have the link to the VOD?

Description

Time

  • Played on: Nov. 19, 2023, 1:45 p.m.
  • Length: 4:36
Show
View Real Time Build Order
Export as new Build Order

SubN Zerg - Winner!

Build Orders: Pool First 

Get SALT Encoding   

  12  0:00  Drone  
  13  0:08  Drone  
  13  0:13  Extractor  
  13  0:28  Spawning Pool  
  12  0:57  Hatchery  
  11  1:15  Queen  
  13  1:29  Metabolic Boost  
  13  1:36  Overlord  
  13  1:41  Zergling x2  
  14  1:54  Zergling x4  
  14  2:00  Zergling x2  
  17  2:10  Zergling x4  
  19  2:17  Queen  
  19  2:22  Zergling x2  
  22  2:29  Zergling x2  
  23  2:37  Zergling x4  
  25  2:58  Zergling x6  
  27  3:29  Zergling x8  
  19  3:45  Zergling x10  
  19  3:46  Zergling x2  
  25  3:58  Zergling x4  
  27  4:15  Zergling x10  
Show
View Real Time Build Order
Export as new Build Order

Zalathor Zerg 

Build Orders: Hatch First 

Get SALT Encoding   

  12  0:00  Drone  
  13  0:14  Overlord  
  13  0:17  Drone  
  14  0:35  Drone  
  15  0:36  Drone  
  15  0:37  Drone  
  17  0:53  Hatchery  
  17  0:56  Drone  
  17  1:00  Drone  
  18  1:14  Spawning Pool  
  18  1:17  Drone  
  18  1:20  Drone  
  19  1:30  Drone  
  20  1:35  Extractor  
  19  1:40  Overlord  
  19  1:51  Drone  
  20  2:01  Queen  
  20  2:05  Queen  
  20  2:07  Drone x2  
  26  2:13  Drone  
  27  2:18  Drone  
  28  2:37  Roach Warren  
  27  2:38  Drone x2  
  29  2:46  Drone  
  29  2:47  Drone x2  
  29  2:48  Drone, Queen  
  35  2:55  Evolution Chamber  
  34  3:03  Drone  
  34  3:04  Overlord  
  35  3:06  Overlord  
  35  3:12  Extractor  
  32  3:15  Zergling x2  
  31  3:33  Drone, Zergling x2  
  31  3:34  Zergling x6  
  26  3:47  Zergling x2  
  25  3:54  Drone  
  26  3:57  Drone  
  26  4:01  Drone  
  28  4:03  Drone  
  30  4:20  Drone  
Tags
 
Add a new tag
Caveats
  • Supply blocks, unpowered buildings, or Contaminate may cause inaccurate times.
  • Supply counts are checked every 10 seconds.